BlackHawks vs Sabres

Created - December 16 2010 at 17:58

Goals
1 2 3 T
BlackHawks 4 1 0 5
Sabres 2 0 1 3
Shots
1 2 3 T
BlackHawks 12 2 6 20
Sabres 7 10 9 26

Period #1

1. BlackHawks , Tobias Enstrom 2 (Artem Anisimov) at 1:18 (PP)
2. Sabres , Mike Richards 15 (Victor Hedman) at 8:05 (PP)
3. BlackHawks , Ales Hemsky 11 (Kris Russell, Cory Stillman) at 9:57 (PP)
4. BlackHawks , Tobias Enstrom 3 (Kris Russell, Ales Hemsky) at 14:39 (PP)
5. Sabres , Jeff Schultz 1 (Eric Fehr, Brooks Laich) at 16:28 (PP)
6. BlackHawks , Paul Kariya 7 (Mattias Ohlund, Samuel Pahlsson) at 19:30

Penalties :
Devin Setoguchi (BUF) for Roughing (Minor) at 1:16, Tuomo Ruutu (BUF) for High sticking (Minor) at 1:24, Mattias Ohlund (CHI) for Hooking (Minor) at 7:11, Johan Franzen (BUF) for Interference (Minor) at 9:29, Samuel Pahlsson (CHI) for Interference (Minor) at 11:44, Tyler Myers (BUF) for Hooking (Minor) at 14:03, Chris Neil (CHI) for Tripping (Minor) at 16:08, Tuomo Ruutu (BUF) for Hooking (Minor) at 17:26

Period #2

7. BlackHawks , David Booth 6 (Mattias Ohlund, Ron Hainsey) at 15:38 (PP)

Penalties :
Tyler Kennedy (CHI) for Hooking (Minor) at 6:34, Kris Russell (CHI) for Roughing (Minor) at 12:42, Eric Fehr (BUF) for Holding (Minor) at 14:12, Cory Stillman (CHI) for Tripping (Minor) at 18:20

Period #3

8. Sabres , Victor Hedman 4 (Mike Richards, Joni Pitkanen) at 1:00 (PP)

Penalties :
Adam Foote (CHI) for Hooking (Minor) at 0:19, Luke Schenn (BUF) for Interference (Minor) at 18:57

Goalie Stats

Cristobal Huet (CHI), 23 saves from 26 shots - (0.885), W, 14-16-2, 60:00 minutes
Martin Biron (BUF), 6 saves from 6 shots - (1.000), 24:22 minutes
Marty Turco (BUF), 9 saves from 14 shots - (0.643), L, 23-8-6, 35:38 minutes

Players Stats

BlackHawks
Player Name              G  A  P  +/- PIM S  H  SB FO    MP 
------------------------------------------------------------
Adam Foote               0  0  0   0  2   1  0  2  0/0   16 
Ales Hemsky              1  1  2   0  0   1  1  0  2/2   16 
Artem Anisimov           0  1  1   0  0   1  2  0  10/16 14 
Chris Neil               0  0  0   0  2   1  1  0  0/0   15 
Cory Stillman            0  1  1   0  2   0  1  0  0/2   15 
David Booth              1  0  1   0  0   3  2  0  0/0   17 
Hal Gill                 0  0  0   1  0   0  1  2  0/0   20 
Josh Bailey              0  0  0   0  0   1  0  0  1/2   17 
Kris Russell             0  2  2   0  2   1  1  1  0/0   18 
Matt DAgostini           0  0  0   1  0   0  0  0  0/0   9  
Mattias Ohlund           0  2  2   1  2   2  3  0  0/0   21 
Patrik Berglund          0  0  0   0  0   1  0  0  13/22 17 
Paul Kariya              1  0  1   1  0   2  0  0  0/0   9  
Ron Hainsey              0  1  1   0  0   0  1  3  0/0   21 
Samuel Pahlsson          0  1  1   1  2   0  1  0  10/17 11 
Tobias Enstrom           2  0  2   0  0   3  0  0  0/0   20 
Tyler Kennedy            0  0  0   0  2   3  1  0  0/0   17 
Wayne Primeau            0  0  0   0  0   0  3  0  11/18 15 
Sabres
Player Name              G  A  P  +/- PIM S  H  SB FO    MP 
------------------------------------------------------------
Andreas Nodl             0  0  0  -1  0   0  0  0  0/0   9  
Brooks Laich             0  1  1   0  0   3  0  0  6/18  18 
Chris Phillips           0  0  0  -1  0   1  4  2  0/0   23 
Devin Setoguchi          0  0  0   0  2   1  1  0  2/2   17 
Eric Fehr                0  1  1   0  2   1  0  0  0/0   14 
James Neal               0  0  0   0  0   1  4  0  0/1   17 
Jeff Schultz             1  0  1  -1  0   3  0  2  0/0   19 
Johan Franzen            0  0  0   0  2   1  1  0  0/0   17 
Joni Pitkanen            0  1  1   0  0   0  1  1  0/0   18 
Luke Schenn              0  0  0   0  2   0  0  2  0/0   17 
Mark Mancari             0  0  0  -1  0   2  0  0  0/0   10 
Mike Richards            1  1  2   0  0   2  1  0  9/25  20 
Patrick Kaleta           0  0  0   0  0   0  1  0  1/3   13 
Paul Gaustad             0  0  0   0  0   3  1  0  7/16  15 
Rickard Wallin           0  0  0  -1  0   2  0  0  7/13  9  
Tuomo Ruutu              0  0  0   0  4   1  0  0  0/1   14 
Tyler Myers              0  0  0   0  2   0  2  1  0/0   24 
Victor Hedman            1  1  2   0  0   5  0  0  0/0   17 

3 Stars

1 - Tobias Enstrom (CHI)
2 - Ales Hemsky (CHI)
3 - Mike Richards (BUF)

Power Play

BlackHawks - 4 on 7 Attempt(s) - 57.14%
Sabres - 3 on 7 Attempt(s) - 42.86%

Penalty Kill

BlackHawks - 4 on 7 Attempt(s) - 57.14% - Score 0 goal in Penalty Kill
Sabres - 3 on 7 Attempt(s) - 42.86% - Score 0 goal in Penalty Kill

Game Notes

Martin Biron enters game at 15:38 of 2nd period

Finance

Level 1 -- Attendance: 6500 (100.00%) -- Ticket Income $572,000.00
Level 2 -- Attendance: 4701 (94.02%) -- Ticket Income $239,751.00
Level 3 -- Attendance: 3448 (98.51%) -- Ticket Income $110,336.00
Level 4 -- Attendance: 2372 (88.18%) -- Ticket Income $47,440.00
Luxury Box -- Attendance: 1000 (100.00%) -- Ticket Income $187,000.00
Game was played at the HSBC Arena
Total Attendance: 18021 (96.42%)
Total Ticket Income: $1,193,756.00
Other Income: $162,875.10
Total Income: $1,356,631.00


Play by Play

Period #1

0:01 of 1st period - Devin Setoguchi wins face-off versus Artem Anisimov in neutral zone.
0:01 of 1st period - Devin Setoguchi is hit by Ales Hemsky.
0:09 of 1st period - Shot by Johan Franzen.
0:09 of 1st period - Stopped by Cristobal Huet without a rebound.
0:10 of 1st period - Patrik Berglund wins face-off versus Brooks Laich in BlackHawks zone.
0:10 of 1st period - Patrik Berglund is hit by James Neal.
0:39 of 1st period - Brooks Laich is hit by Hal Gill and loses puck.
1:13 of 1st period - Shot by Mike Richards.
1:13 of 1st period - Shot Misses the Net.
1:16 of 1st period - Minor Penalty to Devin Setoguchi for Roughing.
1:17 of 1st period - Artem Anisimov wins face-off versus Paul Gaustad in Sabres zone.
1:18 of 1st period - Shot by Tobias Enstrom.
1:18 of 1st period - Goal by Tobias Enstrom - BlackHawks : 1 - Sabres : 0.
1:19 of 1st period - Paul Gaustad wins face-off versus Artem Anisimov in neutral zone.
1:19 of 1st period - Paul Gaustad is hit by Artem Anisimov.
1:22 of 1st period - Off-side.
1:23 of 1st period - Wayne Primeau wins face-off versus Patrick Kaleta in neutral zone.
1:23 of 1st period - Josh Bailey is hit by Paul Gaustad and loses puck.
1:24 of 1st period - Minor Penalty to Tuomo Ruutu for High sticking.
1:25 of 1st period - Paul Gaustad wins face-off versus Artem Anisimov in Sabres zone.
1:40 of 1st period - Shot by Tobias Enstrom.
1:40 of 1st period - Stopped by Marty Turco without a rebound.
1:41 of 1st period - Mike Richards wins face-off versus Artem Anisimov in Sabres zone.
3:36 of 1st period - Shot by Wayne Primeau.
3:36 of 1st period - Shot Misses the Net.
4:20 of 1st period - Samuel Pahlsson is hit by Patrick Kaleta and loses puck.
4:40 of 1st period - Off-side.
4:41 of 1st period - Mike Richards wins face-off versus Patrik Berglund in neutral zone.
4:48 of 1st period - Shot by Johan Franzen.
4:48 of 1st period - Shot Misses the Net.
5:00 of 1st period - Shot by Patrik Berglund.
5:00 of 1st period - Stopped by Marty Turco without a rebound.
5:01 of 1st period - Wayne Primeau wins face-off versus Brooks Laich in Sabres zone.
5:01 of 1st period - Josh Bailey is hit by Chris Phillips and loses puck.
5:40 of 1st period - Shot by Mike Richards.
5:40 of 1st period - Deflect By Devin Setoguchi.
5:40 of 1st period - Shot Misses the Net.
5:42 of 1st period - Shot by Mike Richards.
5:42 of 1st period - Shot Misses the Net.
5:46 of 1st period - Shot by Jeff Schultz.
5:46 of 1st period - Shot Misses the Net.
6:21 of 1st period - Off-side.
6:22 of 1st period - Paul Gaustad wins face-off versus Patrik Berglund in neutral zone.
6:41 of 1st period - Shot by Victor Hedman.
6:41 of 1st period - Shot Blocked by Ron Hainsey.
6:47 of 1st period - Patrick Kaleta is hit by David Booth and loses puck.
6:52 of 1st period - Shot by David Booth.
6:52 of 1st period - Stopped by Marty Turco without a rebound.
6:53 of 1st period - Brooks Laich wins face-off versus Samuel Pahlsson in Sabres zone.
6:53 of 1st period - Joni Pitkanen is hit by Samuel Pahlsson and loses puck.
7:11 of 1st period - Minor Penalty to Mattias Ohlund for Hooking.
7:12 of 1st period - Brooks Laich wins face-off versus Samuel Pahlsson in BlackHawks zone.
7:17 of 1st period - Shot by James Neal.
7:17 of 1st period - Deflect By Eric Fehr.
7:17 of 1st period - Shot Blocked by Adam Foote.
7:27 of 1st period - Eric Fehr is hit by Wayne Primeau and loses puck.
7:36 of 1st period - Shot by Josh Bailey.
7:36 of 1st period - Stopped by Marty Turco without a rebound.
7:37 of 1st period - Samuel Pahlsson wins face-off versus Mike Richards in Sabres zone.
7:40 of 1st period - Shot by Chris Neil.
7:40 of 1st period - Stopped by Marty Turco with a rebound.
8:01 of 1st period - Shot by Victor Hedman.
8:01 of 1st period - Shot Blocked by Ron Hainsey.
8:05 of 1st period - Shot by Mike Richards.
8:05 of 1st period - Goal by Mike Richards - BlackHawks : 1 - Sabres : 1.
8:06 of 1st period - Artem Anisimov wins face-off versus Paul Gaustad in neutral zone.
9:14 of 1st period - Tyler Myers is hit by Ron Hainsey and loses puck.
9:25 of 1st period - Shot by Rickard Wallin.
9:25 of 1st period - Deflect By Mark Mancari.
9:25 of 1st period - Shot Misses the Net.
9:27 of 1st period - Shot by Mark Mancari.
9:27 of 1st period - Stopped by Cristobal Huet without a rebound.
9:28 of 1st period - Wayne Primeau wins face-off versus Mike Richards in BlackHawks zone.
9:28 of 1st period - Wayne Primeau is hit by Mike Richards.
9:29 of 1st period - Minor Penalty to Johan Franzen for Interference.
9:30 of 1st period - Artem Anisimov wins face-off versus Mike Richards in Sabres zone.
9:53 of 1st period - Shot by Kris Russell.
9:53 of 1st period - Shot Misses the Net.
9:57 of 1st period - Shot by Ales Hemsky.
9:57 of 1st period - Goal by Ales Hemsky - BlackHawks : 2 - Sabres : 1.
9:58 of 1st period - Wayne Primeau wins face-off versus Mike Richards in neutral zone.
11:07 of 1st period - Shot by Tyler Kennedy.
11:07 of 1st period - Shot Blocked by Jeff Schultz.
11:09 of 1st period - Shot by David Booth.
11:09 of 1st period - Stopped by Marty Turco without a rebound.
11:10 of 1st period - Samuel Pahlsson wins face-off versus Brooks Laich in Sabres zone.
11:10 of 1st period - Samuel Pahlsson is hit by Chris Phillips.
11:17 of 1st period - Paul Kariya is hit by Chris Phillips and loses puck.
11:44 of 1st period - Minor Penalty to Samuel Pahlsson for Interference.
11:45 of 1st period - Brooks Laich wins face-off versus Wayne Primeau in BlackHawks zone.
11:53 of 1st period - Icing by Tuomo Ruutu.
11:54 of 1st period - Ales Hemsky wins face-off versus Brooks Laich in Sabres zone.
11:58 of 1st period - Icing by Victor Hedman.
11:59 of 1st period - Wayne Primeau wins face-off versus Brooks Laich in Sabres zone.
12:46 of 1st period - Shot by Chris Phillips.
12:46 of 1st period - Shot Misses the Net.
13:28 of 1st period - Icing by Mike Richards.
13:29 of 1st period - Wayne Primeau wins face-off versus Mike Richards in Sabres zone.
13:45 of 1st period - Icing by Mike Richards.
13:46 of 1st period - Samuel Pahlsson wins face-off versus Rickard Wallin in Sabres zone.
14:00 of 1st period - Icing by Chris Phillips.
14:01 of 1st period - Patrik Berglund wins face-off versus Rickard Wallin in Sabres zone.
14:03 of 1st period - Minor Penalty to Tyler Myers for Hooking.
14:04 of 1st period - Artem Anisimov wins face-off versus Mike Richards in Sabres zone.
14:39 of 1st period - Shot by Tobias Enstrom.
14:39 of 1st period - Goal by Tobias Enstrom - BlackHawks : 3 - Sabres : 1.
14:40 of 1st period - Paul Gaustad wins face-off versus Patrik Berglund in neutral zone.
14:52 of 1st period - Icing by Hal Gill.
14:53 of 1st period - Rickard Wallin wins face-off versus Patrik Berglund in BlackHawks zone.
15:16 of 1st period - Shot by Rickard Wallin.
15:16 of 1st period - Stopped by Cristobal Huet without a rebound.
15:17 of 1st period - Samuel Pahlsson wins face-off versus Patrick Kaleta in BlackHawks zone.
16:08 of 1st period - Minor Penalty to Chris Neil for Tripping.
16:09 of 1st period - Brooks Laich wins face-off versus Wayne Primeau in BlackHawks zone.
16:24 of 1st period - Shot by Brooks Laich.
16:24 of 1st period - Stopped by Cristobal Huet with a rebound.
16:26 of 1st period - Shot by Brooks Laich.
16:26 of 1st period - Deflect By Eric Fehr.
16:26 of 1st period - Shot Misses the Net.
16:28 of 1st period - Shot by Jeff Schultz.
16:28 of 1st period - Goal by Jeff Schultz - BlackHawks : 3 - Sabres : 2.
16:29 of 1st period - Patrik Berglund wins face-off versus Rickard Wallin in neutral zone.
16:37 of 1st period - Off-side.
16:38 of 1st period - Wayne Primeau wins face-off versus James Neal in neutral zone.
16:55 of 1st period - Josh Bailey is hit by Chris Phillips.
17:05 of 1st period - Shot by Eric Fehr.
17:05 of 1st period - Stopped by Cristobal Huet without a rebound.
17:06 of 1st period - Patrik Berglund wins face-off versus Tuomo Ruutu in BlackHawks zone.
17:19 of 1st period - Shot by Patrik Berglund.
17:19 of 1st period - Shot Blocked by Luke Schenn.
17:26 of 1st period - Minor Penalty to Tuomo Ruutu for Hooking.
17:27 of 1st period - Artem Anisimov wins face-off versus Mike Richards in Sabres zone.
17:32 of 1st period - Shot by Kris Russell.
17:32 of 1st period - Stopped by Marty Turco without a rebound.
17:33 of 1st period - Mike Richards wins face-off versus Cory Stillman in Sabres zone.
18:04 of 1st period - Mike Richards is hit by Cory Stillman and loses puck.
18:45 of 1st period - Shot by Ron Hainsey.
18:45 of 1st period - Shot Misses the Net.
18:49 of 1st period - Shot by Tyler Kennedy.
18:49 of 1st period - Stopped by Marty Turco without a rebound.
18:50 of 1st period - Artem Anisimov wins face-off versus Mike Richards in Sabres zone.
19:26 of 1st period - Icing by Luke Schenn.
19:27 of 1st period - Samuel Pahlsson wins face-off versus Rickard Wallin in Sabres zone.
19:30 of 1st period - Shot by Paul Kariya.
19:30 of 1st period - Goal by Paul Kariya - BlackHawks : 4 - Sabres : 2.
19:31 of 1st period - Patrik Berglund wins face-off versus Rickard Wallin in neutral zone.
19:34 of 1st period - Tyler Myers is hit by Tyler Kennedy and loses puck.

Period #2

0:01 of 2nd period - Artem Anisimov wins face-off versus Mike Richards in neutral zone.
0:06 of 2nd period - Icing by Devin Setoguchi.
0:07 of 2nd period - Patrik Berglund wins face-off versus Mike Richards in Sabres zone.
0:32 of 2nd period - Shot by Johan Franzen.
0:32 of 2nd period - Shot Misses the Net.
0:42 of 2nd period - Shot by Johan Franzen.
0:42 of 2nd period - Shot Misses the Net.
0:44 of 2nd period - Shot by Jeff Schultz.
0:44 of 2nd period - Shot Misses the Net.
0:56 of 2nd period - Icing by Patrik Berglund.
0:57 of 2nd period - Paul Gaustad wins face-off versus Patrik Berglund in BlackHawks zone.
1:02 of 2nd period - Shot by Tuomo Ruutu.
1:02 of 2nd period - Shot Blocked by Hal Gill.
1:34 of 2nd period - Icing by Victor Hedman.
1:35 of 2nd period - Paul Gaustad wins face-off versus Wayne Primeau in Sabres zone.
1:35 of 2nd period - Luke Schenn is hit by Wayne Primeau and loses puck.
2:51 of 2nd period - James Neal is hit by Mattias Ohlund and loses puck.
3:32 of 2nd period - Icing by Tyler Myers.
3:33 of 2nd period - Wayne Primeau wins face-off versus Mike Richards in Sabres zone.
3:42 of 2nd period - Shot by Mike Richards.
3:42 of 2nd period - Stopped by Cristobal Huet without a rebound.
3:43 of 2nd period - Rickard Wallin wins face-off versus Patrik Berglund in BlackHawks zone.
3:56 of 2nd period - Shot by Chris Phillips.
3:56 of 2nd period - Stopped by Cristobal Huet without a rebound.
3:57 of 2nd period - Mike Richards wins face-off versus Wayne Primeau in BlackHawks zone.
4:08 of 2nd period - Shot by Jeff Schultz.
4:08 of 2nd period - Shot Misses the Net.
4:27 of 2nd period - Tyler Myers is hit by Chris Neil and loses puck.
4:47 of 2nd period - Off-side.
4:48 of 2nd period - Brooks Laich wins face-off versus Artem Anisimov in neutral zone.
5:22 of 2nd period - Shot by Brooks Laich.
5:22 of 2nd period - Stopped by Cristobal Huet without a rebound.
5:23 of 2nd period - Patrik Berglund wins face-off versus Paul Gaustad in BlackHawks zone.
5:37 of 2nd period - Off-side.
5:38 of 2nd period - Rickard Wallin wins face-off versus Wayne Primeau in neutral zone.
5:56 of 2nd period - Shot by Josh Bailey.
5:56 of 2nd period - Shot Misses the Net.
6:34 of 2nd period - Minor Penalty to Tyler Kennedy for Hooking.
6:35 of 2nd period - Mike Richards wins face-off versus Samuel Pahlsson in BlackHawks zone.
7:13 of 2nd period - Mike Richards is hit by Wayne Primeau and loses puck.
7:53 of 2nd period - Shot by James Neal.
7:53 of 2nd period - Stopped by Cristobal Huet with a rebound.
8:25 of 2nd period - Shot by Victor Hedman.
8:25 of 2nd period - Stopped by Cristobal Huet with a rebound.
8:27 of 2nd period - Shot by Victor Hedman.
8:27 of 2nd period - Stopped by Cristobal Huet without a rebound.
8:28 of 2nd period - Samuel Pahlsson wins face-off versus Mike Richards in BlackHawks zone.
9:03 of 2nd period - Shot by Tyler Kennedy.
9:03 of 2nd period - Shot Misses the Net.
9:05 of 2nd period - Shot by Patrik Berglund.
9:05 of 2nd period - Shot Misses the Net.
9:16 of 2nd period - Tyler Myers is hit by David Booth.
11:10 of 2nd period - Wayne Primeau is hit by Devin Setoguchi.
11:36 of 2nd period - Icing by Kris Russell.
11:37 of 2nd period - Wayne Primeau wins face-off versus Rickard Wallin in BlackHawks zone.
11:51 of 2nd period - Icing by Tyler Myers.
11:52 of 2nd period - Rickard Wallin wins face-off versus Patrik Berglund in Sabres zone.
12:22 of 2nd period - Patrik Berglund is hit by Joni Pitkanen.
12:38 of 2nd period - Shot by James Neal.
12:38 of 2nd period - Shot Misses the Net.
12:40 of 2nd period - Shot by Jeff Schultz.
12:40 of 2nd period - Shot Misses the Net.
12:42 of 2nd period - Shot by Jeff Schultz.
12:42 of 2nd period - Stopped by Cristobal Huet without a rebound.
12:42 of 2nd period - Minor Penalty to Kris Russell for Roughing.
12:43 of 2nd period - Mike Richards wins face-off versus Samuel Pahlsson in BlackHawks zone.
12:54 of 2nd period - Shot by Mike Richards.
12:54 of 2nd period - Shot Misses the Net.
12:56 of 2nd period - Shot by Joni Pitkanen.
12:56 of 2nd period - Shot Misses the Net.
12:58 of 2nd period - Shot by Victor Hedman.
12:58 of 2nd period - Shot Blocked by Hal Gill.
14:08 of 2nd period - Shot by Jeff Schultz.
14:08 of 2nd period - Shot Misses the Net.
14:10 of 2nd period - Shot by Jeff Schultz.
14:10 of 2nd period - Stopped by Cristobal Huet without a rebound.
14:11 of 2nd period - Samuel Pahlsson wins face-off versus Brooks Laich in BlackHawks zone.
14:11 of 2nd period - Samuel Pahlsson is hit by James Neal.
14:12 of 2nd period - Minor Penalty to Eric Fehr for Holding.
14:13 of 2nd period - Patrik Berglund wins face-off versus Brooks Laich in Sabres zone.
14:26 of 2nd period - Shot by Paul Kariya.
14:26 of 2nd period - Shot Misses the Net.
14:28 of 2nd period - Shot by Mattias Ohlund.
14:28 of 2nd period - Shot Misses the Net.
14:30 of 2nd period - Shot by Paul Kariya.
14:30 of 2nd period - Shot Misses the Net.
14:34 of 2nd period - Shot by Mattias Ohlund.
14:34 of 2nd period - Stopped by Marty Turco without a rebound.
14:35 of 2nd period - Ales Hemsky wins face-off versus Mike Richards in Sabres zone.
15:36 of 2nd period - Shot by Mattias Ohlund.
15:36 of 2nd period - Shot Blocked by Chris Phillips.
15:38 of 2nd period - Shot by David Booth.
15:38 of 2nd period - Goal by David Booth - BlackHawks : 5 - Sabres : 2.
15:38 of 2nd period - Martin Biron enters game.
15:39 of 2nd period - Rickard Wallin wins face-off versus Samuel Pahlsson in neutral zone.
16:24 of 2nd period - Off-side.
16:25 of 2nd period - Patrik Berglund wins face-off versus Paul Gaustad in neutral zone.
16:39 of 2nd period - Icing by Victor Hedman.
16:40 of 2nd period - Josh Bailey wins face-off versus Paul Gaustad in Sabres zone.
17:32 of 2nd period - Off-side.
17:33 of 2nd period - Patrik Berglund wins face-off versus Mike Richards in neutral zone.
17:35 of 2nd period - David Booth is hit by Tyler Myers and loses puck.
18:06 of 2nd period - Patrik Berglund is hit by Tyler Myers and loses puck.
18:20 of 2nd period - Minor Penalty to Cory Stillman for Tripping.
18:21 of 2nd period - Brooks Laich wins face-off versus Samuel Pahlsson in BlackHawks zone.
19:38 of 2nd period - Shot by Victor Hedman.
19:38 of 2nd period - Stopped by Cristobal Huet with a rebound.
19:40 of 2nd period - Shot by Victor Hedman.
19:40 of 2nd period - Stopped by Cristobal Huet without a rebound.
19:41 of 2nd period - Samuel Pahlsson wins face-off versus Mike Richards in BlackHawks zone.
19:58 of 2nd period - Shot by Johan Franzen.
19:58 of 2nd period - Deflect By Mike Richards.
19:58 of 2nd period - Shot Misses the Net.

Period #3

0:01 of 3rd period - Samuel Pahlsson wins face-off versus Brooks Laich in neutral zone.
0:19 of 3rd period - Minor Penalty to Adam Foote for Hooking.
0:20 of 3rd period - Wayne Primeau wins face-off versus Mike Richards in BlackHawks zone.
1:00 of 3rd period - Shot by Victor Hedman.
1:00 of 3rd period - Goal by Victor Hedman - BlackHawks : 5 - Sabres : 3.
1:01 of 3rd period - Rickard Wallin wins face-off versus Artem Anisimov in neutral zone.
1:34 of 3rd period - Shot by Chris Phillips.
1:34 of 3rd period - Shot Misses the Net.
1:38 of 3rd period - Shot by Andreas Nodl.
1:38 of 3rd period - Shot Misses the Net.
1:40 of 3rd period - Shot by Tyler Myers.
1:40 of 3rd period - Shot Misses the Net.
1:52 of 3rd period - Paul Gaustad is hit by Artem Anisimov and loses puck.
2:05 of 3rd period - Shot by Paul Gaustad.
2:05 of 3rd period - Stopped by Cristobal Huet with a rebound.
2:09 of 3rd period - Shot by Tuomo Ruutu.
2:09 of 3rd period - Shot Misses the Net.
2:11 of 3rd period - Shot by Paul Gaustad.
2:11 of 3rd period - Deflect By Tuomo Ruutu.
2:11 of 3rd period - Stopped by Cristobal Huet without a rebound.
2:12 of 3rd period - Patrik Berglund wins face-off versus Brooks Laich in BlackHawks zone.
2:39 of 3rd period - Shot by David Booth.
2:39 of 3rd period - Shot Misses the Net.
2:43 of 3rd period - Shot by Ron Hainsey.
2:43 of 3rd period - Shot Misses the Net.
2:47 of 3rd period - Shot by Tyler Kennedy.
2:47 of 3rd period - Stopped by Martin Biron with a rebound.
2:49 of 3rd period - Shot by David Booth.
2:49 of 3rd period - Shot Misses the Net.
3:15 of 3rd period - Shot by Devin Setoguchi.
3:15 of 3rd period - Shot Misses the Net.
3:17 of 3rd period - Shot by Mike Richards.
3:17 of 3rd period - Shot Blocked by Adam Foote.
3:51 of 3rd period - Wayne Primeau is hit by Johan Franzen and loses puck.
4:24 of 3rd period - Shot by Paul Kariya.
4:24 of 3rd period - Shot Blocked by Luke Schenn.
4:26 of 3rd period - Shot by Mattias Ohlund.
4:26 of 3rd period - Stopped by Martin Biron without a rebound.
4:27 of 3rd period - Rickard Wallin wins face-off versus Patrik Berglund in Sabres zone.
6:14 of 3rd period - Icing by Wayne Primeau.
6:15 of 3rd period - Mike Richards wins face-off versus Josh Bailey in BlackHawks zone.
6:19 of 3rd period - Icing by Adam Foote.
6:20 of 3rd period - Devin Setoguchi wins face-off versus Wayne Primeau in BlackHawks zone.
6:43 of 3rd period - Shot by Ron Hainsey.
6:43 of 3rd period - Shot Blocked by Jeff Schultz.
6:57 of 3rd period - Shot by Devin Setoguchi.
6:57 of 3rd period - Deflect By Mike Richards.
6:57 of 3rd period - Shot Blocked by Ron Hainsey.
7:54 of 3rd period - Icing by Tobias Enstrom.
7:55 of 3rd period - Samuel Pahlsson wins face-off versus Brooks Laich in BlackHawks zone.
7:55 of 3rd period - Samuel Pahlsson is hit by James Neal.
7:58 of 3rd period - Tobias Enstrom is hit by James Neal and loses puck.
8:39 of 3rd period - Shot by Rickard Wallin.
8:39 of 3rd period - Shot Blocked by Kris Russell.
8:41 of 3rd period - Shot by Rickard Wallin.
8:41 of 3rd period - Stopped by Cristobal Huet without a rebound.
8:42 of 3rd period - Mike Richards wins face-off versus Patrik Berglund in BlackHawks zone.
8:55 of 3rd period - Shot by Devin Setoguchi.
8:55 of 3rd period - Stopped by Cristobal Huet without a rebound.
8:56 of 3rd period - Patrik Berglund wins face-off versus Paul Gaustad in BlackHawks zone.
9:03 of 3rd period - Shot by Tyler Kennedy.
9:03 of 3rd period - Stopped by Martin Biron without a rebound.
9:04 of 3rd period - Artem Anisimov wins face-off versus Paul Gaustad in Sabres zone.
10:55 of 3rd period - Shot by Brooks Laich.
10:55 of 3rd period - Stopped by Cristobal Huet with a rebound.
10:59 of 3rd period - Shot by Brooks Laich.
10:59 of 3rd period - Shot Misses the Net.
11:15 of 3rd period - Shot by Brooks Laich.
11:15 of 3rd period - Shot Misses the Net.
11:50 of 3rd period - Jeff Schultz is hit by Mattias Ohlund and loses puck.
11:59 of 3rd period - Shot by Tyler Myers.
11:59 of 3rd period - Shot Misses the Net.
12:01 of 3rd period - Shot by Mark Mancari.
12:01 of 3rd period - Stopped by Cristobal Huet without a rebound.
12:02 of 3rd period - Paul Gaustad wins face-off versus Samuel Pahlsson in BlackHawks zone.
12:25 of 3rd period - Shot by Paul Gaustad.
12:25 of 3rd period - Stopped by Cristobal Huet without a rebound.
12:26 of 3rd period - Mike Richards wins face-off versus Wayne Primeau in BlackHawks zone.
12:37 of 3rd period - Shot by Adam Foote.
12:37 of 3rd period - Stopped by Martin Biron without a rebound.
12:38 of 3rd period - Artem Anisimov wins face-off versus Brooks Laich in Sabres zone.
12:50 of 3rd period - James Neal is hit by Mattias Ohlund and loses puck.
13:34 of 3rd period - Icing by Luke Schenn.
13:35 of 3rd period - Wayne Primeau wins face-off versus Paul Gaustad in Sabres zone.
14:07 of 3rd period - Johan Franzen is hit by Kris Russell and loses puck.
14:22 of 3rd period - Shot by Tyler Kennedy.
14:22 of 3rd period - Shot Misses the Net.
14:24 of 3rd period - Shot by Hal Gill.
14:24 of 3rd period - Shot Blocked by Tyler Myers.
15:21 of 3rd period - Shot by Ales Hemsky.
15:21 of 3rd period - Shot Blocked by Joni Pitkanen.
15:23 of 3rd period - Shot by Tobias Enstrom.
15:23 of 3rd period - Shot Misses the Net.
15:25 of 3rd period - Shot by Artem Anisimov.
15:25 of 3rd period - Shot Misses the Net.
15:29 of 3rd period - Shot by Tobias Enstrom.
15:29 of 3rd period - Shot Blocked by Chris Phillips.
15:31 of 3rd period - Shot by Artem Anisimov.
15:31 of 3rd period - Stopped by Martin Biron with a rebound.
17:47 of 3rd period - Shot by Paul Gaustad.
17:47 of 3rd period - Stopped by Cristobal Huet without a rebound.
17:48 of 3rd period - Patrik Berglund wins face-off versus Brooks Laich in BlackHawks zone.
18:38 of 3rd period - Off-side.
18:39 of 3rd period - Patrick Kaleta wins face-off versus Cory Stillman in neutral zone.
18:57 of 3rd period - Shot by Cory Stillman.
18:57 of 3rd period - Deflect By Paul Kariya.
18:57 of 3rd period - Stopped by Martin Biron without a rebound.
18:57 of 3rd period - Minor Penalty to Luke Schenn for Interference.
18:58 of 3rd period - Artem Anisimov wins face-off versus Paul Gaustad in Sabres zone.
19:01 of 3rd period - Shot by Mattias Ohlund.
19:01 of 3rd period - Shot Misses the Net.


Output by the SimonT Hockey Simulator (STHS) for Stephane Roy -- Original Page W3C XHTML 1.0 Valid